 Dungeon Crawl Stone Soup version 0.31-a0-466-g98c9adc2b6 (webtiles) character file.

Game seed: 1466530378518452369

41 Crownlay the Digger (level 3, -1/19 HPs)
             Began as a Gargoyle Earth Elementalist on Aug 5, 2023.
             Slain by a gnoll
             ... wielding a +0 club
              (8 damage)
             ... on level 2 of the Dungeon.
             The game lasted 00:01:34 (806 turns).

Crownlay the Digger (Gargoyle Earth Elementalist)    Turns: 806, Time: 00:01:35

Health: -1/19      AC:  5    Str: 11    XL:     3   Next: 52%
Magic:  2/7        EV: 11    Int: 17    God:
Gold:   59         SH:  0    Dex: 10    Spells: 4/8 levels left

rFire   . . .        e - +1 short sword
rCold   . . .        (no shield)
rNeg    + . .        a - +0 robe
rPois   ∞            (no helmet)
rElec   +            (no cloak)
rCorr   .            (no gloves)
SInv    .            (no boots)
Will    .....        (no amulet)
Stlth   ++           (no ring)
HPRegen 0.23/turn    (no ring)
MPRegen 0.10/turn

%: no passive effects
@: no status effects
A: sickness immunity, AC +3, negative energy resistance 1, electricity
resistance, torment resistance 1, petrification resistance
a: no special abilities


You were on level 2 of the Dungeon.
You visited 1 branch of the dungeon, and saw 2 of its levels.

You collected 59 gold pieces.

Inventory:

Hand Weapons
 e - a +1 short sword (weapon)
Armour
 a - a +0 robe (worn)
Scrolls
 c - a scroll of enchant armour {unknown}
 d - a scroll of fog {unknown}
 f - a scroll of identify {unknown}
 g - 2 scrolls of enchant weapon
Potions
 b - a potion of magic


   Skills:
 - Level 1.5 Dodging
 - Level 2.1 Stealth
 * Level 3.1 Spellcasting
 - Level 0.7 Transmutations
 + Level 4.2 Earth Magic


You had 4 spell levels left.
You knew the following spells:

 Your Spells              Type           Power      Damage    Failure   Level
a - Sandblast             Erth           34%        2d9       3%          1
b - Stone Arrow           Conj/Erth      18%        3d8       22%         3

Your spell library contained the following spells:

 Spells                   Type           Power      Damage    Failure   Level
 Passwall                 Tmut/Erth      9%         N/A       10%         2
 Petrify                  Tmut/Erth      11%        N/A       52%         4


Dungeon Overview and Level Annotations

Branches:
Dungeon (2/15)

Altars:


Innate Abilities, Weirdness & Mutations

You are immune to sickness and miasma.
Your stone body is resilient. (AC +3)
You are immune to poison.
You resist negative energy. (rN+)
You are resistant to electric shocks. (rElec)
You are resistant to unholy torment.
You are immune to petrification.


Message History

Your experience leads to an increase in your attributes!
Increase (S)trength, (I)ntelligence, or (D)exterity?
You feel clever. x2
This spell is astonishingly dangerous to cast!
Memorise Stone Arrow, consuming 3 spell levels and leaving 4?
You start memorising the spell.
You continue memorising. x3
You finish memorising.
Spell assigned to 'b'.
You see here an adder corpse.
There is a stone staircase leading down here.
There is a fountain of clear blue water here.
Found a chain mail.
You see here a +0 chain mail. 3 gnolls come into view.
The gnoll shouts! x2
There are monsters nearby!
The blast of sand hits the gnoll but does no damage.
The gnoll shouts!
The blast of sand hits the gnoll!
The gnoll is heavily wounded.
The blast of sand hits the gnoll.
You kill the gnoll!
The blast of sand hits the gnoll!
The gnoll is almost dead.
The blast of sand hits the gnoll but does no damage.
The gnoll is almost dead.
The gnoll hits you but does no damage. The gnoll hits you with a +0 flail.
The gnoll hits you with a +0 flail! The gnoll hits you with a +0 club.
You are too injured to fight recklessly!
You are too injured to fight recklessly!
The gnoll attacks as you move away! The gnoll hits you but does no damage.
The gnoll attacks as you move away! The gnoll closely misses you.
Casting: Sandblast (safe; 3% risk of failure)
Confirm with . or Enter, or press ? or * to list all spells.
Aiming: Sandblast (safe; 3% risk of failure)
Press: ? - help, Shift-Dir - straight line, f/p - gnoll
Aim: a gnoll, wielding a +0 flail (almost dead, 84% to hit)
The blast of sand hits the gnoll!
The gnoll is almost dead.
The gnoll hits you with a +0 club!
You die...

.######## .....)..#
##############.#
......#..<....g#
.....)....####g#
#####.#...# #@# #.....##
#.# ##########
##.....###.#######.........
#....>.<..........#######.
#................### #.
#.#...####..####.# #.
##.###.# ##'## #.# #[
#...#######...###.## #.
+.⌠...###..†⌠......#### #.


You could see 2 gnolls.

Vanquished Creatures
  An adder (D:2)
  A gnoll (D:2)
  A worm (D:2)
  A ball python (D:1)
  3 endoplasms
  A giant cockroach (D:1)
  3 goblins (D:1)
  A hobgoblin (D:1)
  A bat (D:1)
  A frilled lizard (D:1)
  4 kobolds
18 creatures vanquished.

Notes
Turn   | Place    | Note
-------+----------+-------------------------------------------
     0 | D:1      | Crownlay the Gargoyle Earth Elementalist began the quest
                  | for the Orb.
     0 | D:1      | Reached XP level 1. HP: 10/10 MP: 3/3
   140 | D:1      | Reached XP level 2. HP: 12/15 MP: 0/5
   247 | D:1      | Found a faded altar of an unknown god.
   491 | D:1      | Reached skill level 4 in Earth Magic
   684 | D:2      | Reached XP level 3. HP: 19/19 MP: 3/7
   688 | D:2      | Learned a level 3 spell: Stone Arrow
   806 | D:2      | Slain by a gnoll

Illustrated notes

Levels and vault maps discovered:
D:1:      nicolae_arrival_memento_mori, layout_rooms,
          shapermc_ecumenical_altar_rom_forum, minmay_tetromino_i2
D:2:      layout_loops_ring, grunt_ministairs_13, minmay_misc_feat_plants,
          uniq_sigmund

Skill      XL: |  1  2 |
---------------+-------+-----
Earth Magic    | 4 |  4.2
Spellcasting   | 3 |  3.1
Dodging        | |  1.5
Stealth        | |  2.1
Transmutations | |  0.7

Action                     || total
---------------------------++-------
  Melee: Short sword       ||    12
   Cast: Sandblast         ||    28
    Use: Scroll            ||     1
 Armour: Robe              ||     6
  Dodge: Dodged            ||    16

Table legend: (Time is in decaauts)
 A = Elapsed time spent in this place.
 B = Non-inter-level travel time spent in this place.
 C = Inter-level travel time spent in this place.
 D = Time resting spent in this place.
 E = Time spent auto-exploring this place.
 F = Levels seen in this place.
 G = Mean time per level.
                   A        B        C        D        E       F      G
               +--------+--------+--------+--------+--------+-----+--------+
         Total |    818 |    794 |     24 |      0 |    670 |   2 |  409.0 |
       Dungeon |    818 |    794 |     24 |      0 |    670 |   2 |  409.0 |
               +--------+--------+--------+--------+--------+-----+--------+

Top non-repeatable levels by time:
     D:1: 619 daAuts
     D:2: 199 daAuts
